← All builds
Beach sea / Cortex / Economy first / OBSERVED BUILD

Standard beach sea

The role's usual play: com goes to sea to build a shipyard around 2 minutes, pumping frigates and destroyers to contest enemy sea entry or hold vision, with an advanced metal extractor around 10 minutes as the transition into the team's…

Usually shipyard first (94%)

#naval #eco · 729 distinct matches · 102 players · 84% of Cortex Beach sea games · team won 55% of 789 · Recently observed

HOW TO PLAY IT

Key timing: Shipyard by 1:57

  1. Open 3 mex and wind while com heads straight to sea.
  2. Drop Shipyard fast, before 2:00, to seize early sea presence.
  3. Push "frigate" out to contest enemy sea entry or hold vision.
  4. Add "destroyer" as the fleet grows.
  5. Transition into Advanced Metal Extractor to catch up on eco.

Phase by phase

TYPICAL OF ITS 729 GAMES
  1. 1
  2. 2
  3. 3
PLAY THE OPENING

Follow the example game's first 6:00 step by step: what to build now, what comes next, and where it goes. At 1× it keeps pace with your own game.

  1. 1

    Up to the Shipyard

    Economy
    • Metal Extractor3Mex
    • Wind Turbine3Windfor allies
    • Wind Turbine2Wind
    • Energy Storage1Energy storage
    Order
    1. ShipyardShipyard after 3 mex, 2 wind, 1 energy storagedone ~1:57, middle half 1:45–2:08

    By 1:41 in all: 3 mex · 2 wind · 1 energy storage

    The example game in this phase · 5 steps
    1. Mex ×3
    2. Wind ×3
    3. Windfor Air
    4. Energy storage
    5. ShipyardShipyarddone 1:49 · typical 1:57
  2. 2

    Shipyard to 5:00

    Economy
    • Metal Extractor5Mex
    • Tidal Generator1Tidal
    Builders
    • Construction Ship2 Con ship
    Army
    • Riptide2 Frigate
    • Herring1 Missile corvette
    • Oppressor1 Destroyer
    Other
    • Naval Radar / Sonar Tower1 Naval Radar / Sonar Tower

    Some games also: Urchin (42%) · wind (41%) · submarine (40%) · con turret (35%) · gunboat (34%)

    By 5:00 in all: 8 mex · 3 wind · 2 tidal · 1 energy storage

    The example game in this phase · 19 steps
    1. Windfor Air
    2. Construction ShipCon ship
    3. Windfor Air
    4. HerringMissile corvette
    5. Wind
    6. RiptideFrigatedone 2:37 · typical 3:51
    7. Wind
    8. Mex
    9. Wind
    10. OrcaSubmarinedone 3:37
    11. Mex
    12. RiptideFrigate
    13. Mex ×3
    14. Construction ShipCon ship
    15. Radar TowerRadar Tower
    16. Naval Radar / Sonar TowerNaval Radar / Sonar Tower
    17. Mex
    18. Death CavalryDeath Cavalry
    19. GuardGuard
  3. 3

    5:00 to 10:00

    Economy
    • Metal Extractor1Mex
    • Wind Turbine10Wind
    Builders
    • Death Cavalry1 Death Cavalry
    • Construction Ship1 Con ship
    Army
    • Riptide5 Frigate
    • Oppressor2 Destroyer
    • Herring2 Missile corvette
    Other
    • Naval Radar / Sonar Tower1 Naval Radar / Sonar Tower

    Some games also: Urchin (50%) · Naval Construction Turret (47%) · Guard (47%) · Radar Tower (41%) · tidal (38%)

    By 10:00 in all: 9 mex · 12 wind · 4 wind · 4 tidal · 1 energy storage · 1 Naval Construction Turret

    The example game in this phase · 105 steps
    1. RiptideFrigate
    2. Wind
    3. OppressorDestroyerdone 5:59 · typical 5:09
    4. Wind
    5. Con turret
    6. HerringMissile corvette
    7. RiptideFrigate
    8. Naval Radar / Sonar TowerNaval Radar / Sonar Tower
    9. RiptideFrigate
    10. OppressorDestroyer
    11. Wind ×2
    12. Mex
    13. Wind ×4
    14. Construction ShipCon ship
    15. Wind ×2
    16. Construction ShipCon ship
    17. Wind ×2
    18. Construction ShipCon ship
    19. Naval Construction Turret
    20. Mex
    21. Wind
    22. Mex
    23. Wind
    24. Tidal
    25. Naval Metal Storage
    26. Wind
    27. Naval Construction Turret
    28. Wind ×2
    29. Tidal
    30. BeholderBeholder
    31. Wind
    32. Naval Construction Turret
    33. GuardGuard
    34. Tidal
    35. Wind
    36. Naval Construction Turret
    37. Bot LabBot Labdone 9:25
    38. Wind
    39. Tidal
    40. Wind
    41. Tidal ×2
    42. Wind
    43. Tidal ×3
    44. GruntGrunt
    45. Wind
    46. Tidal ×2
    47. GuardGuard
    48. Tidal
    49. Wind
    50. Tidal ×3
    51. Wind
    52. Tidal ×2
    53. Wind
    54. Naval Construction Turret
    55. Tidal ×4
    56. Con turret
    57. Tidal
    58. Naval Energy Converter ×2
    59. Advanced ShipyardAdvanced Shipyarddone 11:57
    60. Naval Energy Converter
    61. Wind ×2
    62. Naval Energy Converter
    63. Wind ×4
    64. Naval Energy Converter
    65. Wind
    66. Naval Energy Storage
    67. Wind
    68. Naval Energy Storage ×2
    69. Naval Energy Converter
    70. Wind
    71. Naval Energy Converter
    72. Advanced Metal ExtractorT2 mexdone 12:07 · typical 9:57
    73. Wind ×2
    74. Naval Energy Converter ×3
    75. Wind
    76. Naval Energy Converter
    77. Advanced Construction SubAdvanced Construction Sub
    78. Wind
    79. Naval Energy Converter
    80. Advanced Metal ExtractorT2 mex
    81. Wind
    82. PathfinderPathfinder ×2
    83. Wind
    84. Naval Advanced Metal ExtractorNaval Advanced Metal Extractordone 13:28
    85. PathfinderPathfinder
    86. Wind
    87. Advanced Metal ExtractorT2 mex
    88. Wind
    89. Naval Radar / Sonar TowerNaval Radar / Sonar Tower
    90. Wind ×3
    91. Radar TowerRadar Tower
    92. Wind
    93. DespotBattleshipdone 14:23
    94. Wind
    95. Naval Advanced Metal ExtractorNaval Advanced Metal Extractor
    96. Wind ×3
    97. Advanced Metal ExtractorT2 mex
    98. Wind ×4
    99. Naval Radar / Sonar TowerNaval Radar / Sonar Tower
    100. Wind
    101. Con turret
    102. Naval Advanced Metal ExtractorNaval Advanced Metal Extractor
    103. BrimstoneAnti-swarm shipdone 14:39
    104. Con turret
    105. BrimstoneAnti-swarm ship ×2

Counts are medians over the build's games: half of them build more, half fewer. The example game is MrCoolPotato's (43 OS, 25/09/2026); pick another.

Team trades

IN AT LEAST 30% OF ITS GAMES

You hand over

  • Wind Turbine3 Wind to Airfirst at 1:54 · in 79% of games

You get

  • Finch1 Finch from Airfirst at 1:58 · in 81% of games
  • Lazarus1 Lazarus from Geofirst at 2:14 · in 62% of games
  • Hephaestus1 Heavy transport from Airfirst at 2:16 · in 68% of games
  • Construction Bot1 Con bot from Geofirst at 2:29 · in 69% of games
  • Hercules1 Light transport from Airfirst at 2:35 · in 31% of games
  • Advanced Construction Bot1 T2 con bot from Techfirst at 8:09 · in 88% of games

How it plays out

Typical game of this build, running totals by minute

Metal produced

010k20k30k
0:005:0010:0015:00

metal

Enemy metal destroyed

05k10k
0:005:0010:0015:00

metal

Own metal lost

02.5k5k7.5k
0:005:0010:0015:00

metal

789 games.

Show as table
ByMetal produced: This buildEnemy metal destroyed: This buildOwn metal lost: This build
1:0040300
2:0093700
3:00156300
4:002522050
5:003699194100
6:005026532250
7:0064731100588
8:00808018571041
9:00968328851621
10:001160240232345
11:001382252273090
12:001635262003851
13:001911172574621
14:002186583045721
15:002487692656531
WHAT THE NUMBERS SAY

Standard Beach sea wins more than Geo sea's 50% and gets its Shipyard up faster, using early sea access before falling behind on land resources.

  • + Shipyard finishes by 1:57, faster than Geo sea's 3:18
  • + 54% team win rate beats the Cortex geo sea baseline
  • − Metal produced trails Geo sea's Cortex build, 24356 vs 28451 by 15:00
  • − T2 factory only lands in 35% of games by 12:42
THE EXAMPLE YOU ARE READING

MrCoolPotato

43.5 OS · 25/09/2026

Open source match ↗

6 received units · includes a constructor
241 metal received · 73261 energy received

Allied construction assistance is unknown. Timings are observations, not a promise of solo reproducibility.

Typical milestones

Shipyard1:57Middle 50%: 1:45–2:08 · n=787
Riptide3:51Middle 50%: 3:15–4:31 · n=782
Oppressor5:09Middle 50%: 4:11–6:07 · n=764
Advanced Metal Extractor9:57Middle 50%: 9:15–10:53 · n=667

Played most by

EpicTyrannus68games of this buildDamsko64games of this buildWaboum64games of this buildPRO_HYDRA54games of this buildMrCoolPotato51games of this build